 Dungeon Crawl Stone Soup version 0.30-a0-799-g109b55a442 (webtiles) character file.

Game seed: 7871030946209099904

81 pokeman the Magician (level 4, -1/25 HPs)
             Began as a Deep Elf Hedge Wizard on Feb 20, 2023.
             Slain by a quokka (3 damage)
             ... on level 4 of the Dungeon.
             The game lasted 00:04:16 (2900 turns).

pokeman the Magician (Deep Elf Hedge Wizard)        Turns: 2900, Time: 00:04:16

Health: -1/25      AC:  2    Str:  7    XL:     4   Next: 20%
Magic:  2/13       EV: 12    Int: 21    God:
Gold:   219        SH:  0    Dex: 14    Spells: 6/14 levels left

rFire   + . .      SeeInvis .    u - +2 short sword (drain)
rCold   . . .      Faith    .    (no shield)
rNeg    . . .      Spirit   .    b - +0 robe
rPois   .          Reflect  .    c - +0 hat
rElec   .          Harm     .    (no cloak)
rCorr   .          Rampage  .    (no gloves)
Will    .....                    (no boots)
Stlth   ++                       (no amulet)
HPRegen 0.24/turn                q - ring of protection from fire
MPRegen 0.13/turn                (no ring)

@: very slightly contaminated
A: no striking features
a: no special abilities


You were on level 4 of the Dungeon.
You visited 1 branch of the dungeon, and saw 4 of its levels.

You collected 219 gold pieces.

Inventory:

Hand Weapons
 u - a +2 short sword of draining (weapon)
Armour
 b - a +0 robe (worn)
 c - a +0 hat (worn)
Jewellery
 a - a ring of fire
 q - a ring of protection from fire (left hand)
Scrolls
 e - 3 scrolls of identify {unknown}
 f - 3 scrolls of torment {unknown}
 g - a scroll of teleportation {unknown}
 h - 2 scrolls of immolation {unknown}
 i - 2 scrolls of enchant armour {unknown}
 n - a scroll of fear {unknown}
 o - a scroll of poison {unknown}
 s - a scroll of blinking {unknown}
Potions
 d - a potion of magic
 j - a potion of lignification {unknown}
 k - a potion of cancellation {unknown}
 l - 2 potions of brilliance {unknown}
 m - 2 potions of heal wounds {unknown}
 p - a potion of ambrosia {unknown}
 r - a potion of haste {unknown}
 t - a potion of degeneration {unknown}


   Skills:
 - Level 1.0 Fighting
 - Level 1.0 Armour
 + Level 2.6 Dodging
 + Level 2.6 Stealth
 * Level 5.6 Spellcasting
 + Level 2.1 Conjurations
 - Level 1.1 Summonings
 - Level 1.1 Translocations


You had 6 spell levels left.
You knew the following spells:

 Your Spells              Type           Power      Damage    Failure   Level
a - Magic Dart            Conj           56%        1d5       4%          1
b - Mephitic Cloud        Conj/Pois/Air  8%         N/A       22%         3
c - Call Imp              Summ           10%        N/A       10%         2
d - Blink                 Tloc           20%        N/A       10%         2

Your spell library contained the following spells:

 Spells                   Type           Power      Damage    Failure   Level
 Slow                     Hex            20%        N/A       11%         1
 Cigotuvi's Dreadful Rot  Necr/Pois/Air  10%        N/A       16%         2
 Ensorcelled Hibernation  Hex/Ice        10%        N/A       16%         2
 Passwall                 Tmut/Erth      4%         N/A       16%         2
 Ozocubu's Armour         Ice            5%         N/A       30%         3
 Swiftness                Air            5%         N/A       30%         3
 Ozocubu's Refrigeration  Ice            2%         4d8       100%        7


Dungeon Overview and Level Annotations

Branches:
Dungeon (4/15)
 Temple: D:4-7

Altars:
Fedhas


Message History

Press: ? - help, Shift-Dir - straight line, f/p - iguana
Aim: an iguana (lightly wounded, 100% to hit)
The magic dart hits the iguana but does no damage.
The iguana is lightly wounded.
Casting: Magic Dart (safe; 4% risk of failure)
Confirm with . or Enter, or press ? or * to list all spells.
The spell is extremely dangerous to miscast (22% risk of failure)!
Continue anyway?
Okay, then.
Casting: Mephitic Cloud (extremely dangerous; 22% risk of failure)
Confirm with . or Enter, or press ? or * to list all spells.
The spell is extremely dangerous to miscast (22% risk of failure)!
Continue anyway?
Aiming: Mephitic Cloud (extremely dangerous; 22% risk of failure)
Press: ? - help, Shift-Dir - straight line, f/p - iguana
Aim: an iguana (lightly wounded, chance to affect: 86%) That beam is likely to hit you.
Continue anyway?
You miscast Mephitic Cloud.
You feel rather nauseous for a moment!
You are poisoned.
You feel sick. The iguana bites you!
* * * LOW HITPOINT WARNING * * *
Casting: Mephitic Cloud (extremely dangerous; 22% risk of failure)
Confirm with . or Enter, or press ? or * to list all spells.
You blink.
You feel sick.
You feel sick.
You feel sick.
You feel sick.
You are no longer poisoned.
You feel stable enough to blink again.
A kobold comes into view. It is wielding a +0 dagger.
A quokka comes into view.
A hobgoblin comes into view.
The quokka barely misses you.
You hit the quokka. You drain the quokka.
The quokka is heavily wounded.
The quokka bites you.
* * * LOW HITPOINT WARNING * * *
The quokka attacks as you move away! The quokka closely misses you.
You closely miss the quokka.
The quokka is heavily wounded.
The quokka bites you.
You die...

.# #.# .# #.#
.###### #.#
....!.######.##
####...l......#
#..######..#
#..# #..# ....#
#..#########
####.#
#...r@.....#
#.#
#...........#
#.#
#.########..#
#. #... # #...
... g... #..


You could see a quokka (very drained).

Vanquished Creatures
  An adder (D:3)
  A dart slug (D:1)
  An orc (D:3)
  A ball python (D:2)
  5 endoplasms
  2 giant cockroaches (D:1)
  3 goblins
  5 hobgoblins
  4 jackals (D:1)
  4 kobolds
  A quokka (D:3)
  A bat (D:3)
  2 frilled lizards
  4 rats
35 creatures vanquished.

Vanquished Creatures (collateral kills)
  An iguana (D:2)
  A worm (D:2)
2 creatures vanquished.

Grand Total: 37 creatures vanquished

Notes
Turn   | Place    | Note
-------+----------+-------------------------------------------
     0 | D:1      | pokeman the Deep Elf Hedge Wizard began the quest for the
                  | Orb.
     0 | D:1      | Reached XP level 1. HP: 10/10 MP: 7/7
   431 | D:1      | Reached XP level 2. HP: 16/16 MP: 3/9
   828 | D:1      | Reached skill level 5 in Spellcasting
  1607 | D:2      | Reached XP level 3. HP: 20/20 MP: 7/11
  1611 | D:2      | Learned a level 3 spell: Mephitic Cloud
  1614 | D:2      | Learned a level 2 spell: Call Imp
  1618 | D:2      | Learned a level 2 spell: Blink
  2002 | D:2      | Reached skill level 1 in Fighting
  2002 | D:2      | Reached skill level 1 in Armour
  2252 | D:3      | Found a blossoming altar of Fedhas.
  2331 | D:3      | Reached XP level 4. HP: 25/25 MP: 4/13
  2900 | D:4      | Slain by a quokka

Illustrated notes

Levels and vault maps discovered:
D:1:      mushboom_english_gardens, layout_loops_ring
D:2:      layout_basic
D:3:      layout_rooms, fedhas_altar_3
D:4:      layout_loops_ring

Skill      XL: |  1  2  3 |
---------------+----------+-----
Spellcasting   | 5 |  5.6
Fighting       | 1 |  1.0
Armour         | 1 |  1.0
Conjurations   | 2 |  2.1
Dodging        | |  2.6
Stealth        | |  2.6
Summonings     | |  1.1
Translocations | |  1.1

Action                     |  1- 3 |  4- 6 || total
---------------------------+-------+-------++-------
  Melee: Dagger            |    28 |       ||    28
         Short sword       |       |     2 ||     2
   Cast: Magic Dart        |    76 |    18 ||    94
         Mephitic Cloud    |     1 |     1 ||     2
         Blink             |     1 |     1 ||     2
         Call Imp          |     1 |     1 ||     2
   Stab: Confused          |     1 |       ||     1
 Armour: Robe              |     7 |       ||     7
  Dodge: Dodged            |    37 |     2 ||    39

Table legend: (Time is in decaauts)
 A = Elapsed time spent in this place.
 B = Non-inter-level travel time spent in this place.
 C = Inter-level travel time spent in this place.
 D = Time resting spent in this place.
 E = Time spent auto-exploring this place.
 F = Levels seen in this place.
 G = Mean time per level.
                   A        B        C        D        E       F      G
               +--------+--------+--------+--------+--------+-----+--------+
         Total |   2899 |   2783 |    116 |     54 |   2430 |   4 |  724.8 |
       Dungeon |   2899 |   2783 |    116 |     54 |   2430 |   4 |  724.8 |
               +--------+--------+--------+--------+--------+-----+--------+

Top non-repeatable levels by time:
     D:1: 1202 daAuts
     D:2: 1034 daAuts
     D:3: 612 daAuts
     D:4: 49 daAuts
